AoeStats
← CL83

QS Arena

503521466Analyzed
1v1 RM · 1mo ago on Sep 1, 2026· 39m 38s· 2 players
Game mode
Random Map
Map size
Tiny (2 player)
Population
200
Speed
Normal
Resources
Standard
Victory
Conquest
Starting age
Dark Age
Ending age
Imperial Age
RankedLock teamsTeams togetherTeam positionsShared explorationLock speedFull tech treeHidden civsTurbo modeCheats
Victory
Defeat
🇲🇽 Italians · Mexico
1126
+14
🇨🇦 Teutons · Canada
1092
-14
CL83
9:01 Feudal Age
8:03 Loom
10:26 Double-Bit Axe
13:12 Castle Age
12:18 Forging
13:25 Horse Collar
19:31 Heavy Plow
25:57 Imperial Age
24:04 Wheelbarrow
25:03 Fletching
25:29 Bow Saw
27:50 Bodkin Arrow
28:25 Conscription
28:15 Heavy Scorpion
30:43 Two-Man Saw
30:10 Bloodlines
30:29 Ironclad
30:46 Hand Cart
32:06 Chemistry
32:50 Crenellations
32:07 Onager
34:33 Scale Barding Armor
35:04 Iron Casting
34:26 Cavalier
37:33 Paladin
Kuroi Kuchi
0:26 Loom
8:16 Feudal Age
12:34 Castle Age
10:44 Double-Bit Axe
11:34 Gold Mining
12:16 Town Watch
13:44 Bow Saw
14:32 Horse Collar
18:28 Heavy Plow
20:24 Wheelbarrow
23:28 Hand Cart
26:11 Imperial Age
23:47 Crossbowman
24:19 Fletching
25:16 Ballistics
25:35 Bodkin Arrow
26:20 Treadmill Crane
27:30 Conscription
27:21 Thumb Ring
27:19 Padded Archer Armor
27:35 Hand Cart
28:22 Scale Mail Armor
28:23 Bracer
29:38 Chemistry
28:21 Capped Ram
29:51 Squires
30:08 Chain Mail Armor
30:02 Arson
30:52 Masonry
31:07 Leather Archer Armor
31:23 Plate Mail Armor
34:31 Arbalester
36:08 Forging
36:29 Ring Archer Armor
39:59 Iron Casting
Connection lost

Rejoining the realm…

Still unreachable

The connection could not be restored.

Session expired

The server has moved on; the page needs a fresh start.